 Dungeon Crawl Stone Soup version 0.32-a0-599-gba8f9cf90e (webtiles) character file.

Game seed: 1905984878607650328

4 CrazyBamboolord the Gusty (level 1, -3/13 HPs)
             Began as a Demonspawn Air Elementalist on Mar 3, 2024.
             Slain by a kobold
             ... wielding a +0 dagger
              (4 damage)
             ... on level 1 of the Dungeon.
             The game lasted 00:00:56 (175 turns).

CrazyBamboolord the Gusty (DsAE)                     Turns: 175, Time: 00:00:56

Health: -3/13      AC:  2    Str:  8    XL:     1   Next: 50%
Magic:  0/3        EV: 12    Int: 15    God:
Gold:   0          SH:  0    Dex: 13    Spells: 3/4 levels left

rFire   . . .        (no weapon)
rCold   . . .        (no shield)
rNeg    . . .        a - +0 robe
rPois   .            (no helmet)
rElec   .            (no cloak)
rCorr   .            (no gloves)
SInv    .            (no boots)
Will    .....        (no amulet)
Stlth   ++           (no ring)
HPRegen 0.22/turn    (no ring)
MPRegen 0.08/turn

%: no passive effects
@: no status effects
A: no striking features
a: no special abilities


You were on level 1 of the Dungeon.
You visited 1 branch of the dungeon, and saw 1 of its levels.

Inventory:

Armour
 a - a +0 robe (worn)
Scrolls
 c - a scroll of amnesia {unknown}
Potions
 b - a potion of magic


   Skills:
 + Level 0.1 Fighting
 * Level 1.8 Dodging
 + Level 1.8 Stealth
 * Level 2.0 Spellcasting
 + Level 1.0 Conjurations
 * Level 2.7 Air Magic


You had 3 spell levels left.
You knew the following spells:

 Your Spells              Type           Power      Damage    Failure   Level
a - Shock                 Conj/Air       28%        1d4       10%         1

Your spell library contained the following spells:

 Spells                   Type           Power      Damage    Failure   Level
 Static Discharge         Conj/Air       14%        3-4/arc   16%         2
 Swiftness                Air            9%         N/A       22%         3
 Airstrike                Air            4%         2d(1-17)  56%         4


Dungeon Overview and Level Annotations

Branches:
Dungeon (1/15)

Altars:


Message History

A goblin comes into view. It is wielding a +0 club.
The zap hits the kobold.
The kobold is heavily wounded.
You are out of magic!
You are out of magic!
The kobold hits you with a +0 dagger.
You closely miss the kobold.
The kobold is heavily wounded.
The kobold hits you with a +0 dagger.
You hit the kobold.
The kobold is severely wounded.
The goblin barely misses you. The kobold hits you with a +0 dagger.
You closely miss the kobold.
The kobold is severely wounded.
The goblin hits you with a +0 club. The kobold hits you with a +0 dagger.
You are too injured to fight recklessly!
You are too injured to fight recklessly!
The goblin attacks as it pursues you! The goblin hits you with a +0 club.
* * * LOW HITPOINT WARNING * * *
Aiming: Shock (safe; 10% risk of failure)
Press: ? - help, Q - select action Shift-Dir - straight line, f - goblin, p - kobold
Aim: a goblin, wielding a +0 club (60% to hit)
The zap misses the kobold.
The zap misses the goblin.
The kobold hits you with a +0 dagger.
* * * LOW HITPOINT WARNING * * *
The kobold attacks as it pursues you! The kobold misses you.
The kobold attacks as it pursues you! The kobold hits you with a +0 dagger.
* * * LOW HITPOINT WARNING * * *
Aiming: Shock (safe; 10% risk of failure)
Press: ? - help, Q - select action Shift-Dir - straight line, f/p - goblin
Aim: a goblin, wielding a +0 club (60% to hit)
The zap hits the kobold.
The kobold is heavily wounded.
The zap hits the goblin.
The goblin is severely wounded.
The kobold barely misses you.
You hit the kobold.
The kobold is severely wounded.
The kobold hits you with a +0 dagger.
You die...

#. ##.## #
#####...#####
#...g.......#
#.###...###.#
#.# ##.## #.#
#.# #g# #..
#####K# #.##
#...@.# #.#
#...#.# ..
#...###
##...##
##...# #...##
##...# #)..##
##...#


You could see a goblin and a kobold.

Vanquished Creatures
  An endoplasm (D:1)
  2 giant cockroaches (D:1)
3 creatures vanquished.

Notes
Turn   | Place    | Note
-------+----------+-------------------------------------------
     0 | D:1      | CrazyBamboolord the Demonspawn Air Elementalist began the
                  | quest for the Orb.
     0 | D:1      | Reached XP level 1. HP: 13/13 MP: 3/3
   175 | D:1      | Slain by a kobold

Illustrated notes

Levels and vault maps discovered:
D:1:      evilmike_arrival_crescent, layout_loops_ring,
          hellmonk_ecumenical_altar_pennies_from_heaven, minmay_crystal_room,
          hangedman_decor_riveting, minmay_pentomino_z2

Action                     || total
---------------------------++-------
  Melee: Unarmed           ||     8
   Cast: Shock             ||    12
 Armour: Robe              ||    10
  Dodge: Dodged            ||     4

Table legend: (Time is in decaauts)
 A = Elapsed time spent in this place.
 B = Non-inter-level travel time spent in this place.
 C = Inter-level travel time spent in this place.
 D = Time resting spent in this place.
 E = Time spent auto-exploring this place.
 F = Levels seen in this place.
 G = Mean time per level.
                   A        B        C        D        E       F      G
               +--------+--------+--------+--------+--------+-----+--------+
         Total |    175 |    175 |      0 |     27 |     98 |   1 |  175.0 |
       Dungeon |    175 |    175 |      0 |     27 |     98 |   1 |  175.0 |
               +--------+--------+--------+--------+--------+-----+--------+

Top non-repeatable levels by time:
     D:1: 175 daAuts
